 Dungeon Crawl Stone Soup version 0.17.1-1-g73c8601 (webtiles) character file.

37601 Holeefuk the Severer (level 13, -5/118 HPs)
             Began as a Hill Orc Fighter on Dec 17, 2015.
             Was the Champion of Okawaru.
             Slain by a salamander
             ... wielding a +4 glaive
              (9 damage)
             ... on level 3 of the Snake Pit.
             The game lasted 00:48:03 (12516 turns).

Holeefuk the Severer (Hill Orc Fighter)            Turns: 12516, Time: 00:48:04

Health: -5/118     AC: 28    Str: 26    XL:     13   Next: 97%
Magic:  31/31      EV: 29    Int: 12    God:    Okawaru [******]
Gold:   246        SH: 22    Dex: 23    Spells: 0 memorised, 12 levels left

rFire  . . .     SeeInvis +     D - +1 war axe of Kuc Vurell {freeze, MR+ MP+9 Dex+3 SInv}
rCold  . . .     Clarity  .     v - +1 chain mail of Zamiwo {rPois Str+2 Int+7}
rNeg   . . .     SustAt   .     m - +0 large shield (curse)
rPois  +         Gourm    .     T - +2 hat of the Doldrums {MP+9 Int-3 Slay+3 Stlth-}
rElec  .         Spirit   .     N - +1 cloak
rCorr  .         Warding  .     z - +0 pair of gloves
rMut   .         Stasis   .     Y - +0 pair of boots {run}
MR     ++...                    g - amulet of faith
Stlth  +.........               p - +4 ring of dexterity
                                f - +3 ring of evasion

@: agile, lethally poisoned (-5 -> -7), about to teleport, heroism, quick, very
resistant to hostile enchantments, very unstealthy
A: hooves 2, molten scales 1, rough black scales 1, thin skeletal structure 1,
magic resistance 1, no device heal 1, MP-powered wands
a: Heroism, Finesse, Renounce Religion


You were on level 3 of the Snake Pit.
You worshipped Okawaru.
Okawaru was exalted by your worship.
You were near starving.

You visited 4 branches of the dungeon, and saw 17 of its levels.

You collected 1099 gold pieces.
You spent 853 gold pieces at shops.

Inventory:

Hand Weapons
 D - the +1 war axe of Kuc Vurell (weapon) {freeze, MR+ MP+9 Dex+3 SInv}
   (You found it on level 5 of the Dungeon)

   It has been specially enchanted to freeze those struck by it, causing extra
   injury to most foes and up to half again as much damage against particularly
   susceptible opponents.
   It can also slow down cold-blooded creatures.
   It affects your dexterity (+3).
   It affects your resistance to hostile enchantments.
   It affects your magic capacity (+9).
   It lets you see invisible.
 Q - a +0 trident
 U - a +3 war axe of freezing
Armour
 c - a +0 shield
 m - a cursed +0 large shield (worn)
 s - the +1 hat of the Shining Light {*Drain Str+2 Int+3 Dex+3}
   (Okawaru gifted it to you on level 2 of the Snake Pit)

   It affects your strength (+2).
   It affects your intelligence (+3).
   It affects your dexterity (+3).
   It causes draining when unequipped.
 v - the +1 chain mail of Zamiwo (worn) {rPois Str+2 Int+7}
   (You found it on level 6 of the Dungeon)

   It affects your strength (+2).
   It affects your intelligence (+7).
   It protects you from poison.
 z - a +0 pair of gloves (worn)
 N - a +1 cloak (worn)
 T - the +2 hat of the Doldrums (worn) {MP+9 Int-3 Slay+3 Stlth-}
   (Okawaru gifted it to you on level 3 of the Lair of Beasts)

   It affects your intelligence (-3).
   It affects your accuracy and damage with ranged weapons and melee attacks
   (+3).
   It affects your magic capacity (+9).
   It makes you less stealthy.
 Y - a +0 pair of boots of running (worn)
Jewellery
 f - a +3 ring of evasion (left hand)
 g - an amulet of faith (around neck)
 p - a +4 ring of dexterity (right hand)
 t - an uncursed ring of fire
 W - an uncursed ring of flight
Wands
 b - a wand of disintegration (15)
 j - a wand of polymorph (13)
 r - a wand of digging (13)
 y - a wand of magic darts (43)
 C - a wand of digging (4)
 F - a wand of digging (16)
 M - a wand of digging (8)
 O - a wand of digging (14)
Scrolls
 a - 4 scrolls of identify
 h - 11 scrolls of remove curse
 k - 9 scrolls of enchant weapon
 l - 3 scrolls of fog
 n - 3 scrolls of teleportation
 x - 10 scrolls of magic mapping
 B - a scroll of brand weapon
 J - 2 scrolls of blinking
 K - 5 scrolls of enchant armour
 P - 3 scrolls of fear
 X - a scroll of summoning
Potions
 d - 2 potions of might
 i - 6 potions of curing
 H - 2 potions of invisibility
 R - a potion of cancellation
 V - a potion of berserk rage
 Z - a potion of heal wounds
Miscellaneous
 q - a plain deck of summoning
 G - a plain deck of destruction
Comestibles
 e - 8 bread rations
 u - a fruit
 w - 6 slices of pizza
 E - 4 meat rations
 I - 4 royal jellies
 L - 6 beef jerkies


   Skills:
 - Level 12.1(17.1) Fighting
 * Level 15.2(20.2) Axes
 - Level 11.1(16.1) Armour
 - Level 10.5(15.5) Dodging
 - Level 10.2(15.2) Shields


You had 12 spell levels left.
You didn't know any spells.

Dungeon Overview and Level Annotations

Branches:
Dungeon (10/15)            Temple (1/1) D:4            Lair (3/8) D:8
  Snake (3/4) Lair:3
  Swamp: Lair:3-6    Shoals: Lair:3-6       Orc: D:9-12

Altars:
Ashenzari
Cheibriados
Dithmenos
Elyvilon
Fedhas
Gozag
Kikubaaqudgha
Makhleb
Nemelex Xobeh
Okawaru
Qazlal
Ru
Sif Muna
Trog
Vehumet
Xom
Yredelemnul
Zin
The Shining One

Shops:
D:6 :   D:8 *   D:10 :   Snake:1 !??!!

Annotations:
D:8 1 runed door
Snake:2 Nikola; dualclasshuman's ghost, journeyman FoFi
Snake:3 Vashnia


Innate Abilities, Weirdness & Mutations

You have hoof-like feet.
You are partially covered in molten scales (AC +1).
You are partially covered in rough black scales (AC +4, Dex -1).
You have a somewhat thin skeletal structure (Dex +2, Stealth).
You are resistant to hostile enchantments.
Potions and wands are less effective at restoring your health.
You expend magic power (3 MP) to strengthen your wands.


Message History

Drink which item? (? for menu, Esc to quit)
You feel much better.
You feel sick. You block the anaconda's attack. The anaconda misses you.
The black mamba misses you.
The naga sharpshooter unwields an uncursed trident.
The naga sharpshooter wields a longbow.
The naga sharpshooter mumbles some strange words.
The naga sharpshooter magically shoots an arrow.
You block the arrow. You block the naga warrior's attack.
The naga mage spits poison at you. The splash of poison misses you.
The naga sharpshooter spits poison at you.
The splash of poison misses you.
The splash of poison hits the guardian serpent.
The naga warrior spits poison at you. The splash of poison hits you!
You resist. You block the anaconda's attack.
The anaconda completely misses you. The black mamba completely misses you.
The salamander hits you from afar with an enchanted glaive!!
* * * LOW HITPOINT WARNING * * *
You are engulfed in flames!
You die...

## ...# #. #
.#.. #(
#...... ##. .
.N. #..#N.N.
##.NN#N#
##$.S(S.#
#....@.#
#.....S...N...
#...N.#N......
#.N.N..
.....N.
#..S..N
.....#.
.......
...#N..
#....NN
##...#.
#...#.. .#..


You could see Vashnia, 2 naga warriors, 5 naga sharpshooters, 3 salamanders, an
anaconda, 2 guardian serpents, a black mamba, a naga mage and 4 nagas.

Vanquished Creatures
  Gastronok (Lair:2)
  2 hydras (Lair:2)
  6 naga warriors
  An anaconda (Snake:2)
  A queen ant (Lair:3)
  4 naga sharpshooters (Snake:1)
  Nergalle (Lair:2)
  A naga ritualist (Snake:2)
  Pikel (D:5)
  4 mana vipers
  4 salamanders (Snake:2)
  A guardian serpent (Snake:2)
  12 black mambas
  5 naga magi
  4 spiny frogs (Lair:3)
  3 komodo dragons
  A fire drake (Lair:3)
  The ghost of smilodon the Shield-Bearer, an amateur MiFi (D:4)
  A polar bear (Lair:1)
  4 blink frogs (Lair:1)
  8 yaks
  2 shadows (D:8)
  4 wraiths
  A human (D:7)
  9 fire bats (D:8)
  2 hippogriffs
  A hog (D:7)
  12 soldier ants (Lair:3)
  Menkaure (D:5)
  A hungry ghost (D:9)
  A water moccasin (Lair:1)
  23 nagas
  3 porcupines
  An ice beast (D:5)
  2 orc warriors
  2 sky beasts
  A wasp (D:9)
  2 black bears
  4 ogres
  4 slaves (D:5)
  A centaur (D:6)
  A necrophage (D:8)
  A big kobold (D:10)
  5 crocodiles
  8 giant frogs
  A gnoll sergeant (D:7)
  A wyvern skeleton (D:7)
  4 scorpions
  6 killer bees (D:8)
  7 electric eels
  5 wights (D:9)
  4 crimson imps
  A centaur zombie (D:7)
  2 orc priests
  A giant frog zombie (D:5)
  A gnoll shaman (D:5)
  4 hounds
  4 jellies
  A centaur skeleton (D:6)
  9 orc wizards
  7 iguanas
  19 worker ants
  A killer bee zombie (D:7)
  8 sheep
  A hound skeleton (D:8)
  7 river rats (Lair:1)
  13 adders
  7 gnolls
  4 shadow imps
  2 oozes
  3 adder skeletons
  2 worms
  5 giant geckos
  37 orcs
  72 bats
  4 giant cockroaches
  4 hobgoblins
  13 jackals
  10 kobolds
  3 quokkas
  3 giant gecko skeletons
  A giant gecko zombie (D:5)
  3 giant newts
  4 goblins
  A quokka skeleton (D:9)
  A quokka zombie (D:6)
  3 rats
  5 plants
452 creatures vanquished.

Vanquished Creatures (others)
  3 fungi (Lair:2)
  A plant (D:8)
4 creatures vanquished.

Grand Total: 456 creatures vanquished

Notes
Turn   | Place    | Note
--------------------------------------------------------------
     0 | D:1      | Holeefuk the Hill Orc Fighter began the quest for the Orb.
     0 | D:1      | Reached XP level 1. HP: 19/19 MP: 1/1
   276 | D:1      | Reached XP level 2. HP: 19/26 MP: 2/2
   575 | D:1      | Reached skill level 4 in Axes
   838 | D:2      | Reached XP level 3. HP: 31/31 MP: 3/3
  1062 | D:2      | Reached XP level 4. HP: 37/41 MP: 4/4
  1341 | D:3      | Reached skill level 5 in Fighting
  1376 | D:3      | Found a faded altar to an unknown god.
  1406 | D:3      | Reached XP level 5. HP: 49/49 MP: 5/5
  1420 | D:3      | Reached skill level 6 in Fighting
  1619 | D:3      | Reached skill level 7 in Fighting
  1619 | D:3      | Reached XP level 6. HP: 48/60 MP: 6/6
  1891 | D:4      | Noticed smilodon's ghost (amateur MiFi)
  1964 | D:4      | Found a shimmering altar of Xom.
  2192 | D:4      | Reached skill level 5 in Axes
  2195 | D:4      | Found a staircase to the Ecumenical Temple.
  2229 | Temple   | Entered the Ecumenical Temple
  2278 | Temple   | Became a worshipper of Warmaster Okawaru
  2615 | D:5      | Entered Level 5 of the Dungeon
  2696 | D:5      | Reached XP level 7. HP: 29/66 MP: 7/7
  2712 | D:5      | Noticed Pikel
  2872 | D:5      | Noticed Menkaure
  3079 | D:5      | Got a dazzling war axe
  3094 | D:5      | Identified the cursed +1 war axe of Kuc Vurell {freeze, MR+ MP+9 Dex+3 SInv} (You found it on level 5 of the Dungeon)
  3327 | D:5      | Killed Pikel
  3327 | D:5      | Reached * piety under Okawaru
  3327 | D:5      | Reached ** piety under Okawaru
  3327 | D:5      | Reached skill level 9 in Axes
  3327 | D:5      | Reached XP level 8. HP: 39/73 MP: 8/8
  3471 | D:5      | Reached skill level 10 in Axes
  3480 | D:6      | Found Myhuasse's Book Boutique.
  3508 | D:6      | Reached skill level 1 in Dodging
  3512 | D:6      | Gained mutation: You are resistant to hostile enchantments. [mutagenic meat]
  3513 | D:6      | Gained mutation: You have large cloven feet. [mutagenic meat]
  3514 | D:6      | Gained mutation: You are partially covered in rough black scales (AC +4, Dex -1). [mutagenic meat]
  3545 | D:6      | Gained mutation: Potions and wands are less effective at restoring your health. [mutagenic meat]
  3546 | D:6      | Gained mutation: You have hoof-like feet. [mutagenic meat]
  3547 | D:6      | Gained mutation: You have a somewhat thin skeletal structure (Dex +2, Stealth). [mutagenic meat]
  3550 | D:6      | Gained mutation: You are partially covered in molten scales (AC +1). [potion of mutation]
  3550 | D:6      | Gained mutation: You expend magic power (3 MP) to strengthen your wands. [potion of mutation]
  3888 | D:6      | Got a polished chain mail
  3925 | D:6      | Identified the cursed +1 chain mail of Zamiwo {rPois Str+2 Int+7} (You found it on level 6 of the Dungeon)
  4234 | D:7      | Reached *** piety under Okawaru
  4398 | D:7      | Reached XP level 9. HP: 61/79 MP: 9/9
  4767 | D:7      | Reached skill level 5 in Dodging
  5482 | D:8      | Found a stormy altar of Qazlal.
  5492 | D:8      | Found a glowing golden altar of the Shining One.
  5511 | D:8      | Found a shadowy altar of Dithmenos.
  5519 | D:8      | Reached **** piety under Okawaru
  5519 | D:8      | Reached skill level 5 in Armour
  5525 | D:8      | Found a runed door.
  5541 | D:8      | Found a snail-covered altar of Cheibriados.
  5553 | D:8      | Found a sacrificial altar of Ru.
  5665 | D:8      | Reached XP level 10. HP: 53/86 MP: 10/10
  5669 | D:8      | Reached skill level 5 in Shields
  5764 | D:8      | Found a sparkling altar of Nemelex Xobeh.
  5785 | D:8      | Reached ***** piety under Okawaru
  5909 | D:8      | Found a staircase to the Lair.
  5909 | D:8      | Noticed a komodo dragon
  5931 | D:8      | Killed a komodo dragon
  6020 | D:8      | Found an opulent altar of Gozag.
  6091 | D:8      | Received a gift from Okawaru
  6229 | D:8      | Found Iloageut's General Store.
  6232 | D:8      | Bought a scroll of enchant armour for 90 gold pieces
  6318 | Lair:1   | Entered Level 1 of the Lair of Beasts
  6378 | Lair:1   | Reached skill level 10 in Fighting
  6499 | Lair:1   | Reached skill level 11 in Fighting
  6530 | Lair:1   | Reached XP level 11. HP: 52/102 MP: 11/11
  6851 | Lair:1   | Reached skill level 12 in Fighting
  7063 | Lair:2   | Noticed Nergalle
  7089 | Lair:2   | Killed Nergalle
  7107 | Lair:2   | Noticed Gastronok
  7122 | Lair:2   | Killed Gastronok
  7122 | Lair:2   | Received a gift from Okawaru
  7122 | Lair:2   | Reached ****** piety under Okawaru
  7175 | Lair:2   | Noticed a five-headed hydra
  7486 | Lair:3   | Found a staircase to the Snake Pit.
  7571 | Lair:3   | Received a gift from Okawaru
  7572 | Lair:3   | Got a blackened hat {god gift}
  7583 | Lair:3   | Identified the +2 hat of the Doldrums {MP+9 Int-3 Slay+3 Stlth-} (Okawaru gifted it to you on level 3 of the Lair of Beasts)
  7732 | Lair:3   | Noticed a queen ant
  7791 | Lair:3   | Reached skill level 10 in Shields
  7798 | Lair:3   | Reached XP level 12. HP: 107/112 MP: 12/12
  7814 | Lair:3   | Killed a queen ant
  7855 | Lair:3   | Noticed a four-headed hydra
  8406 | D:4      | Killed smilodon's ghost
  8510 | D:5      | Killed Menkaure
  9233 | D:10     | Entered Level 10 of the Dungeon
  9261 | D:9      | Reached skill level 10 in Armour
  9294 | D:10     | Found Oterrech's Book Shoppe.
  9879 | Lair:2   | Noticed a four-headed hydra
  9890 | Lair:2   | Killed a four-headed hydra
  9922 | Lair:2   | Killed a five-headed hydra
 10298 | Lair:3   | Got a pair of pitted boots
 10304 | Lair:3   | Identified the +1 pair of boots of Vexation {Int+5} (You found it on level 3 of the Lair of Beasts)
 10589 | Snake:1  | Entered Level 1 of the Snake Pit
 10683 | Snake:1  | Received a gift from Okawaru
 10704 | Snake:1  | Identified a +0 pair of boots of running (Okawaru gifted it to you on level 1 of the Snake Pit)
 10725 | Snake:1  | Found Pipnu's Distillery.
 10728 | Snake:1  | Found Raimuhek's Magic Scroll Shoppe.
 10729 | Snake:1  | Reached XP level 13. HP: 85/118 MP: 13/13
 10751 | Snake:1  | Bought 3 scrolls of magic mapping for 157 gold pieces
 10751 | Snake:1  | Bought a scroll of enchant weapon for 112 gold pieces
 10751 | Snake:1  | Bought a scroll of enchant armour for 112 gold pieces
 10751 | Snake:1  | Bought a scroll of magic mapping for 52 gold pieces
 10773 | Snake:1  | Found Maorghil's Distillery.
 10811 | Snake:1  | Noticed a naga warrior
 10834 | Snake:1  | Killed a naga warrior
 10853 | Snake:1  | Found Hehoz's Magic Scroll Shoppe.
 10878 | Snake:1  | Bought a scroll of enchant weapon for 75 gold pieces
 10878 | Snake:1  | Bought a scroll of enchant armour for 75 gold pieces
 10878 | Snake:1  | Bought a scroll of magic mapping for 35 gold pieces
 10878 | Snake:1  | Bought a scroll of teleportation for 30 gold pieces
 10878 | Snake:1  | Bought a scroll of magic mapping for 35 gold pieces
 10878 | Snake:1  | Bought a scroll of teleportation for 30 gold pieces
 10878 | Snake:1  | Bought a scroll of teleportation for 30 gold pieces
 10878 | Snake:1  | Bought a scroll of identify for 20 gold pieces
 10886 | Snake:1  | Noticed a naga warrior
 10926 | Snake:1  | Killed a naga warrior
 11363 | Snake:1  | Found Yzypp's Distillery.
 11504 | Snake:2  | Reached skill level 10 in Dodging
 11635 | Snake:2  | Received a gift from Okawaru
 11638 | Snake:2  | Got a heavily runed hat {god gift}
 11650 | Snake:2  | Identified the +1 hat of the Shining Light {*Drain Str+2 Int+3 Dex+3} (Okawaru gifted it to you on level 2 of the Snake Pit)
 11667 | Snake:2  | Reached skill level 13 in Axes
 11978 | Snake:2  | Reached skill level 14 in Axes
 11979 | Snake:2  | Noticed Nikola
 12243 | Snake:2  | Reached skill level 15 in Axes
 12259 | Snake:2  | Noticed dualclasshuman's ghost (journeyman FoFi)
 12514 | Snake:3  | Noticed Vashnia
 12516 | Snake:3  | HP: 4/118 [salamander/enchanted glaive (18)]
 12516 | Snake:3  | Slain by a salamander

Action                   |  1- 3 |  4- 6 |  7- 9 | 10-12 | 13-15 || total
-------------------------+-------+-------+-------+-------+-------++-------
Melee: War axe           |    83 |       |   268 |   626 |   255 ||  1232
       Hand axe          |    12 |   158 |    34 |       |       ||   204
       Trident           |       |       |       |    18 |       ||    18
Invok: Heroism           |       |       |       |     5 |     5 ||    10
       Finesse           |       |       |       |       |     1 ||     1
Evoke: Wand              |       |       |       |       |     1 ||     1
  Use: Potion            |       |       |     9 |       |     2 ||    11
       Scroll            |       |       |       |     2 |    16 ||    18
  Eat: Chunk             |       |     1 |    10 |    15 |       ||    26
       Bread ration      |       |     1 |     1 |       |       ||     2
       Fruit             |       |       |     2 |     2 |     4 ||     8
       Pizza             |       |       |       |       |     2 ||     2
